 Dungeon Crawl Stone Soup version 0.28-a0-1412-gf95308ed99 (webtiles) character file.

Game seed: 8016068002048218618

1860 siradein the Ducker (level 9, 0/64 HPs)
             Began as a Djinni Gladiator on Jan 7, 2022.
             Was a Follower of Makhleb.
             Slain by a killer bee (2 damage)
             ... on level 7 of the Dungeon.
             The game lasted 00:17:32 (7053 turns).

siradein the Ducker (Djinni Gladiator)              Turns: 7053, Time: 00:17:33

Health: 0/64       AC:  9    Str: 17    XL:     9   Next: 35%
Gold:   382        EV: 16    Int:  9    God:    Makhleb [*.....] SH:  0 Dex: 12

rFire   + + +      SeeInvis .   l - +6 great sword "Demonslayer" {vorpal, rElec rPois rF+ Dex-4}
rCold   x . .      Faith    .   (shield currently unavailable)
rNeg    . . .      Spirit   .   f - +0 ring mail
rPois   ∞          Reflect  .   c - +0 helmet
rElec   +          Harm     .   m - +0 cloak
rCorr   .          Rampage  .   n - +0 pair of gloves
Will    +....                   (boots unavailable)
Stlth   +.........              h - amulet of the acrobat
HPRegen 0.20/turn               w - +4 ring of evasion
MPRegen 0.00/turn               q - ring of willpower

@: mighty, brilliant, flying
A: sickness immunity, fire resistance 2, cold vulnerability 1, float, innate
caster, hp casting, extra vitality 1
a: Renounce Religion


You were on level 7 of the Dungeon.
You worshipped Makhleb.
Makhleb was aware of your devotion.
You visited 2 branches of the dungeon, and saw 8 of its levels.

You collected 382 gold pieces.

Inventory:

Hand Weapons
 a - a +0 long sword
 l - the +6 great sword "Demonslayer" (weapon) {vorpal, rElec rPois rF+ Dex-4}
   (You found it on level 2 of the Dungeon)

   It inflicts extra damage upon your enemies.
   Dex:       It affects your dexterity (-4).
   rF:        It protects you from fire.
   rElec:     It insulates you from electricity.
   rPois:     It protects you from poison.
Missiles
 d - 3 throwing nets
 j - 24 poisoned darts (quivered)
Armour
 c - a +0 helmet (worn)
 f - a +0 ring mail (worn)
 m - a +0 cloak (worn)
 n - a +0 pair of gloves (worn)
Jewellery
 h - an amulet of the acrobat (around neck)
 o - a +6 ring of intelligence
 q - a ring of willpower (right hand)
 s - a ring of fire
 w - a +4 ring of evasion (left hand)
Wands
 b - a wand of mindburst (12)
 v - a wand of iceblast (2)
Scrolls
 g - 2 scrolls of enchant armour
 i - 7 scrolls of teleportation
 k - a scroll of blinking
 p - 2 scrolls of magic mapping {unknown}
 r - a scroll of enchant weapon {unknown}
 x - a scroll of torment {unknown}
Potions
 t - 2 potions of cancellation


   Skills:
 + Level 4.9 Fighting
 + Level 4.9 Long Blades
 + Level 4.0 Throwing
 + Level 4.3 Armour
 + Level 5.8 Dodging
 + Level 3.1 Spellcasting
 + Level 3.0 Invocations


You had 5 spell levels left.
You knew the following spells:

 Your Spells              Type           Power      Damage    Failure   Level
a - Freeze                Ice            40%        1d6       14%         1
b - Poisonous Vapours     Pois/Air       20%        N/A       22%         2
c - Ignite Poison         Fire/Tmut/Pois 10%        N/A       38%         3
d - Vampiric Draining     Necr           10%        2d6       38%         3
Your spell library was empty.

Dungeon Overview and Level Annotations

Branches:
Dungeon (7/15)             Temple (1/1) D:5

Altars:
Ashenzari
Cheibriados
Elyvilon
Fedhas
Gozag
Hepliaklqana
Kikubaaqudgha
Makhleb
Nemelex Xobeh
Qazlal
Ru
Sif Muna
Uskayaw
Vehumet
Wu Jian
Xom
Yredelemnul
Zin
The Shining One

Shops:
D:7 (

Annotations:
D:6 flotson's ghost, amateur DsGl


Innate Abilities, Weirdness & Mutations

You are immune to sickness and miasma.
You are immune to poison.
Your flesh is very heat resistant. (rF++)
You are vulnerable to cold. (rC-)
You float through the air rather than walking.
You learn spells naturally, not from books.
Your magical power is your life essence.
You have superior vitality. (+4 MHP)


Message History

The killer bee closely misses you. The killer bee misses you.
You slash the killer bee!
The killer bee is heavily wounded.
The killer bee closely misses you. The killer bee completely misses you.
The killer bee stings you.
* * * LOW HITPOINT WARNING * * *
You slice the killer bee!!
You kill the killer bee!
Makhleb accepts your kill.
You feel better. The killer bee stings you.
* * * LOW HITPOINT WARNING * * *
The killer bee stings you.
* * * LOW HITPOINT WARNING * * *
Your Throwing skill increases to level 4!
Your Invocations skill increases to level 3!
You hit the killer bee.
The killer bee is lightly wounded.
The killer bee closely misses you.
The killer bee stings you but does no damage.
The killer bee closely misses you.
You slash the killer bee!
The killer bee is almost dead.
The killer bee stings you.
* * * LOW HITPOINT WARNING * * *
The killer bee stings you.
* * * LOW HITPOINT WARNING * * *
The killer bee stings you.
* * * LOW HITPOINT WARNING * * *
It was a potion of brilliance.
You feel clever all of a sudden. The killer bee barely misses you.
The killer bee misses you.
It was a potion of might.
You feel very mighty all of a sudden.
The killer bee stings you but does no damage.
The killer bee closely misses you.
You miss the killer bee.
The killer bee is almost dead.
The killer bee misses you. The killer bee closely misses you.
The killer bee stings you.
You die...

#.# ### #.#
#)####.###.#
#.......##.#
#.##.....#.##
#...........#
####.....#..#
##...###.# ##.## #.#
#@# #.# ##♣#y# #.#
♣.∩.♣# #.# #.♣..#
#.# #.##.## #.#
#.....###.##
######.###.#...#
#...†..# #...#......
#.####.###.#...#####


You could see a killer bee.

Vanquished Creatures
  3 ice beasts (D:6)
  2 sky beasts (D:6)
  An ogre (D:5)
  A black bear (D:4)
  A necrophage (D:6)
  A kobold brigand (D:6)
  A scorpion (D:4)
  A wyvern zombie (D:6)
  3 killer bees (D:7)
  4 wights
  2 howler monkeys (D:7)
  3 hounds
  A bullfrog skeleton (D:5)
  A centaur zombie (D:6)
  Crazy Yiuf (D:2)
  2 jellies
  A centaur skeleton (D:7)
  3 iguanas
  3 hound skeletons (D:4)
  5 gnolls (D:6)
  6 adders
  3 ufetubi
  An adder zombie (D:5)
  An adder skeleton (D:5)
  3 dart slugs
  6 orcs
  6 bats
  7 endoplasms
  2 giant cockroaches (D:1)
  6 goblins
  7 hobgoblins
  2 jackals (D:1)
  4 quokkas
  7 ball pythons
  2 frilled lizards (D:1)
  9 kobolds
  7 rats
119 creatures vanquished.

Vanquished Creatures (others)
  5 plants (D:6)
5 creatures vanquished.

Grand Total: 124 creatures vanquished

Notes
Turn   | Place    | Note
-------+----------+-------------------------------------------
     0 | D:1      | siradein the Djinni Gladiator began the quest for the Orb.
     0 | D:1      | Reached XP level 1. HP: 18/18 MP: 0/0
   257 | D:1      | Reached XP level 2. HP: 22/23 MP: 0/0
   773 | D:1      | Reached XP level 3. HP: 27/28 MP: 0/0
   773 | D:1      | Learned a level 1 spell: Freeze
  1072 | D:1      | Reached skill level 1 in Armour
  1264 | D:1      | Reached XP level 4. HP: 12/34 MP: 0/0
  1914 | D:2      | Found a runed translucent door.
  1915 | D:2      | Noticed Crazy Yiuf
  2145 | D:2      | Reached skill level 1 in Spellcasting
  2157 | D:2      | Identified the +6 great sword "Demonslayer" {vorpal, rElec
                  | rPois rF+ Dex-4}
  2247 | D:2      | Killed Crazy Yiuf
  2248 | D:2      | Reached XP level 5. HP: 21/39 MP: 0/0
  2248 | D:2      | Learned a level 2 spell: Poisonous Vapours
  2919 | D:4      | Reached skill level 4 in Dodging
  2943 | D:4      | Reached XP level 6. HP: 45/45 MP: 0/0
  3006 | D:4      | Noticed a black bear
  3014 | D:4      | Killed a black bear
  3476 | D:4      | Reached XP level 7. HP: 46/50 MP: 0/0
  3476 | D:4      | Learned a level 3 spell: Ignite Poison
  3760 | D:5      | Entered Level 5 of the Dungeon
  4071 | D:5      | Found a staircase to the Ecumenical Temple.
  4099 | Temple   | Entered the Ecumenical Temple
  4307 | Temple   | Became a worshipper of Makhleb the Destroyer
  4419 | D:5      | Found a basalt altar of Yredelemnul.
  5181 | D:6      | Reached skill level 1 in Invocations
  5205 | D:6      | Reached XP level 8. HP: 44/58 MP: 0/0
  5472 | D:6      | Reached skill level 5 in Dodging
  6085 | D:6      | Reached * piety under Makhleb
  6115 | D:6      | Reached XP level 9. HP: 42/63 MP: 0/0
  6115 | D:6      | Learned a level 3 spell: Vampiric Draining
  6291 | D:6      | Found a transporter.
  6292 | D:6      | Noticed flotson's ghost (amateur DsGl)
  6514 | D:6      | Identified the +1 ring mail "Sobaf" {Str+3 Int-3 Dex+8}
  6526 | D:6      | Found a transporter.
  6976 | D:7      | Found Catobb's Weapon Boutique.
  7050 | D:7      | HP: 1/64 [killer bee (5)]
  7053 | D:7      | Slain by a killer bee

Illustrated notes

Levels and vault maps discovered:
D:1:      saegor_arrival_simple_d, layout_loops_corners
D:2:      wander_river, layout_rooms, hangedman_abyss_or_decor_stabs,
          uniq_crazy_yiuf_cottage
D:3:      layout_rooms
D:4:      layout_loops_corners
D:5:      layout_basic, mainiacjoe_overflow_alcove_2, temple_doors_e,
          serial_glass, glass_columns_a, glass_columns_a, glass_columns_a,
          glass_columns_b, glass_columns_b, glass_columns_b, glass_columns_a,
          glass_columns_a
D:6:      layout_loops_ring, gammafunk_ghost_gnarly_gnolls
D:7:      layout_loops_ring, serial_shops, nicolae_shop_trees
Temple:   eino_narrow_crystal_temple

Skill      XL: |  1  2  3  4  5  6  7  8  9 |
---------------+----------------------------+-----
Long Blades    | 3 4 |  4.9
Armour         | 1 2 3 4 |  4.3
Throwing       | 2 3 4 |  4.0
Spellcasting   | 1 2 3 |  3.1
Dodging        | 4 5 |  5.8
Fighting       | 3 4 |  4.9
Invocations    | 1 2 3 |  3.0

Action                   |  1- 3 |  4- 6 |  7- 9 || total
-------------------------+-------+-------+-------++-------
Melee: Long sword        |    95 |    44 |       ||   139
       Punch             |     1 |       |       ||     1
       Great sword       |       |    52 |   153 ||   205
  Use: Scroll            |       |       |     6 ||     6
       Potion            |       |       |     2 ||     2
 Stab: Sleeping          |     1 |       |       ||     1
Armor: Leather armour    |     2 |       |       ||     2
       Ring mail         |    32 |    46 |    66 ||   144
Dodge: Dodged            |    73 |    94 |   155 ||   322

Table legend: (Time is in decaauts)
 A = Elapsed time spent in this place.
 B = Non-inter-level travel time spent in this place.
 C = Inter-level travel time spent in this place.
 D = Time resting spent in this place.
 E = Time spent auto-exploring this place.
 F = Levels seen in this place.
 G = Mean time per level.
                   A        B        C        D        E       F      G
               +--------+--------+--------+--------+--------+-----+--------+
         Total |   7192 |   6970 |    222 |    811 |   4711 |   8 |  899.0 |
       Dungeon |   6968 |   6759 |    209 |    811 |   4527 |   7 |  995.4 |
        Temple |    223 |    210 |     13 |      0 |    184 |   1 |  223.0 |
               +--------+--------+--------+--------+--------+-----+--------+

Top non-repeatable levels by time:
     D:5: 1517 daAuts
     D:1: 1502 daAuts
     D:4: 1138 daAuts
     D:6: 1071 daAuts
     D:2: 847 daAuts
     D:3: 537 daAuts
     D:7: 353 daAuts
  Temple: 223 daAuts
